 Dungeon Crawl Stone Soup version 0.18.1-48-g4cf74bf (webtiles) character file.

9207 nikopol the Spear-Bearer (level 11, -33/145 HPs)
             Began as a Minotaur Berserker on June 26, 2016.
             Was an Elder of Trog.
             Killed from afar by a wizard (36 damage)
             ... with a bolt of lightning
             ... on level 10 of the Dungeon.
             The game lasted 00:21:17 (9857 turns).

nikopol the Spear-Bearer (Minotaur Berserker)       Turns: 9857, Time: 00:21:18

Health: -33/145    AC:  7    Str: 27    XL:     11   Next: 20%
Magic:  10/10      EV: 16    Int:  4    God:    Trog [****..]
Gold:   617        SH:  0    Dex: 13    Spells: 0 memorised, 10 levels left

rFire  . . .     SeeInvis .     x - +0 spear
rCold  . . .     Gourm    .     K - +0 leather armour (curse)
rNeg   . . .     Faith    .     (no shield)
rPois  .         Spirit   .     (helmet restricted)
rElec  .         Dismiss  .     u - +0 cloak
rCorr  +         Reflect  .     h - +0 pair of gloves
SustAt .         Harm     .     (no boots)
MR     .....                    (no amulet)
Stlth  ..........               F - ring of resist corrosion (curse)
                                J - +3 ring of slaying

@: berserking, lethally poisoned (-33 -> -104), very quick, not resistant to
hostile enchantments, extremely unstealthy
A: retaliatory headbutt, horns 2
a: Berserk, Trog's Hand, Brothers in Arms, Burn Spellbooks, Renounce Religion


You were on level 10 of the Dungeon.
You worshipped Trog.
Trog was greatly pleased with you.
You were hungry.

You visited 1 branch of the dungeon, and saw 10 of its levels.

You collected 617 gold pieces.

Inventory:

Hand Weapons
 c - a +0 shortbow
 x - a +0 spear (weapon)
Missiles
 i - 166 arrows (quivered)
Armour
 b - a +4 plate armour
 h - a +0 pair of gloves (worn)
 u - a +0 cloak (worn)
 K - a cursed +0 leather armour (worn)
 L - a +0 scale mail
Jewellery
 F - a cursed ring of resist corrosion (right hand)
 J - a +3 ring of slaying (left hand)
 N - a +3 ring of protection
Wands
 D - a wand of iceblast (5/15)
 O - a wand of lightning (4/15)
Scrolls
 d - 2 scrolls of noise {unknown}
 e - 2 scrolls of enchant weapon {unknown}
 k - 9 scrolls of remove curse {unknown}
 n - 3 scrolls of teleportation {unknown}
 p - 4 scrolls of random uselessness {unknown}
 q - 2 scrolls of amnesia {unknown}
 y - 9 scrolls of identify {unknown}
 I - a scroll of immolation {unknown}
 M - a scroll of fog {unknown}
Potions
 a - a potion of magic {unknown}
 f - 3 potions of curing {unknown}
 g - 2 potions of brilliance {unknown}
 l - 3 potions of invisibility {unknown}
 m - 6 potions of mutation {unknown}
 r - a potion of cure mutation {unknown}
 s - 2 potions of lignification {unknown}
 v - a potion of ambrosia {unknown}
 w - 3 potions of haste {unknown}
 z - a potion of resistance {unknown}
 B - 2 potions of agility {unknown}
 C - 3 potions of degeneration {unknown}
 G - a potion of heal wounds {unknown}
 H - a potion of cancellation {unknown}
Comestibles
 j - 2 meat rations
 t - 3 fruits
 A - 6 beef jerkies
 E - 6 bread rations


   Skills:
 + Level 9.3 Fighting
 * Level 11.5 Polearms
 * Level 9.0 Bows
 + Level 9.2 Armour
 + Level 8.1 Dodging


You had 10 spell levels left.
You didn't know any spells.

Dungeon Overview and Level Annotations

Branches:
Dungeon (10/15)            Temple (0/1) D:7
   Lair: D:8-11         Orc: D:9-12

Altars:
Ashenzari
Dithmenos
Gozag
Okawaru
Pakellas
Ru

Shops:
D:6 %[[:


Innate Abilities, Weirdness & Mutations

You reflexively headbutt those who attack you in melee.
You have a pair of horns on your head.


Message History

* * * LOW HITPOINT WARNING * * *
You feel very sick.
You puncture the green very ugly thing! You headbutt the green very ugly thing!
You feel the power of Trog in you as your rage grows.
You kill the green very ugly thing!
Trog accepts your kill.
Your Bows skill increases to level 9!
Your Dodging skill increases to level 8!
* * * LOW HITPOINT WARNING * * *
You feel very sick.
The wizard shouts, "You are history!"
The wizard points at you and mumbles some strange words.
You resist with significant effort.
You enter the shallow water.
Moving in this stuff is going to be slow.
* * * LOW HITPOINT WARNING * * *
You feel very sick.
The wizard points at you and mumbles some strange words.
The bolt of lightning hits you!
You die...

#≈≈.÷.##########........#........
≈≈....≈# ## ###......#......##
≈.....≈# $#####.....#......#.
≈.....≈# p≈≈###....#......#.
≈......## u≈≈###...#......#.
≈......≈## ≈≈###...#......#.
..≈≈≈..≈≈## #≈≈##...#......#.
.≈≈≈≈≈....#######≈≈##...#......##
###⌠###...≈##8##@≈###...#........
#######≈..≈≈...p≈###...#........
##...####≈≈...≈≈.###....#########
.......######8#####.............#
....)...##########(.............#
................................#
#########.......................#
#........................
#........................


You could see a wizard.

Vanquished Creatures
  A very ugly thing (D:10)
  The ghost of Wardy the Cleaver, a novice DsGl (D:9)
  Pikel (D:7)
  6 ugly things (D:10)
  The ghost of nikopol the Poker, a novice MiBe of Trog (D:7)
  A troll (D:9)
  A wraith (D:10)
  2 hungry ghosts (D:10)
  4 hippogriffs
  A black bear (D:8)
  2 orc warriors
  2 sky beasts
  2 phantoms
  2 slaves (D:6)
  4 ogres
  2 centaurs
  2 big kobolds (D:8)
  A giant frog (D:9)
  2 scorpions
  13 killer bees (D:10)
  2 crimson imps
  2 giant frog zombies
  2 centaur zombies
  An orc priest (D:9)
  7 hounds
  3 jellies
  4 orc wizards
  A giant frog skeleton (D:10)
  Natasha (thrice) (D:3)
  2 iguanas
  3 worker ants
  2 worker ant zombies (D:10)
  9 adders
  A howler monkey skeleton (D:10)
  An ooze (D:6)
  An adder skeleton (D:8)
  3 worms
  4 dart slugs
  3 giant geckos
  18 orcs
  3 bats
  6 giant cockroaches
  9 hobgoblins
  3 jackals (D:3)
  12 kobolds
  4 quokkas
  3 ball pythons
  A giant gecko skeleton (D:6)
  3 giant newts
  11 goblins
  10 rats
  A bush (D:5)
189 creatures vanquished.

Vanquished Creatures (others)
  A slave (D:7)
  An orc wizard (D:3)
2 creatures vanquished.

Grand Total: 191 creatures vanquished

Notes
Turn   | Place    | Note
--------------------------------------------------------------
     0 | D:1      | nikopol the Minotaur Berserker began the quest for the Orb.
     0 | D:1      | Reached XP level 1. HP: 19/19 MP: 0/0
   410 | D:1      | Reached XP level 2. HP: 25/27 MP: 1/1
   721 | D:1      | Reached XP level 3. HP: 30/33 MP: 2/2
  1156 | D:2      | Reached ** piety under Trog
  1268 | D:2      | Reached skill level 4 in Polearms
  1738 | D:3      | Noticed Natasha
  1751 | D:3      | Killed Natasha
  1751 | D:3      | Reached XP level 4. HP: 14/41 MP: 3/3
  1977 | D:3      | Found an oddly glowing altar of Pakellas.
  2138 | D:3      | Reached *** piety under Trog
  2138 | D:3      | Reached XP level 5. HP: 22/47 MP: 4/4
  2600 | D:3      | Noticed Natasha
  2606 | D:3      | Killed Natasha
  2648 | D:3      | Noticed Natasha
  2660 | D:3      | Killed Natasha
  2660 | D:3      | Reached skill level 5 in Fighting
  2679 | D:4      | Noticed an ogre
  2679 | D:4      | Noticed a phantom
  2687 | D:4      | Killed an ogre
  2687 | D:4      | Reached skill level 5 in Polearms
  2687 | D:4      | Reached XP level 6. HP: 49/56 MP: 5/5
  2874 | D:4      | Reached skill level 5 in Armour
  3133 | D:4      | Reached XP level 7. HP: 62/62 MP: 6/6
  3621 | D:5      | Entered Level 5 of the Dungeon
  3763 | D:5      | Reached skill level 6 in Polearms
  3763 | D:5      | Reached skill level 5 in Dodging
  3913 | D:5      | Found an opulent altar of Gozag.
  4787 | D:6      | Found Fatrax's Antique Armour Shoppe.
  4808 | D:6      | Reached skill level 1 in Bows
  4813 | D:6      | Found Plog's Antique Armour Shoppe.
  5073 | D:6      | Found Alafack's Food Emporium.
  5251 | D:6      | Found Foas's Book Boutique.
  5282 | D:6      | Reached XP level 8. HP: 71/71 MP: 7/7
  5308 | D:5      | Found a shattered altar of Ashenzari.
  5507 | D:7      | Noticed nikopol's ghost (novice MiBe)
  5523 | D:7      | Found an iron altar of Okawaru.
  5539 | D:7      | Killed nikopol's ghost
  5539 | D:7      | Reached skill level 7 in Polearms
  5622 | D:7      | Noticed Pikel
  5952 | D:7      | Killed Pikel
  5985 | D:7      | Reached skill level 8 in Polearms
  6020 | D:7      | Found a staircase to the Ecumenical Temple.
  6522 | D:7      | Reached XP level 9. HP: 64/79 MP: 8/8
  6757 | D:8      | Reached skill level 5 in Bows
  6991 | D:8      | Reached **** piety under Trog
  7156 | D:8      | Found an opulent altar of Gozag.
  7162 | D:8      | Found a shadowy altar of Dithmenos.
  7482 | D:9      | Reached skill level 9 in Polearms
  7607 | D:9      | Found a sacrificial altar of Ru.
  7962 | D:9      | Noticed Wardy's ghost (novice DsGl)
  7972 | D:9      | Killed Wardy's ghost
  8046 | D:9      | Noticed a troll
  8060 | D:9      | Killed a troll
  8060 | D:9      | Reached XP level 10. HP: 22/88 MP: 9/9
  8492 | D:10     | Entered Level 10 of the Dungeon
  8720 | D:10     | Reached skill level 10 in Polearms
  9010 | D:10     | Received a gift from Trog
  9411 | D:10     | Noticed a white ugly thing
  9414 | D:10     | Noticed a green ugly thing
  9414 | D:10     | Noticed a red ugly thing
  9415 | D:10     | Noticed a green ugly thing
  9415 | D:10     | Noticed a white ugly thing
  9423 | D:10     | Killed a brown ugly thing
  9431 | D:10     | Killed a white ugly thing
  9436 | D:10     | Noticed a green ugly thing
  9437 | D:10     | Killed a green ugly thing
  9437 | D:10     | Reached skill level 11 in Polearms
  9442 | D:10     | Killed a red ugly thing
  9450 | D:10     | Killed a green ugly thing
  9450 | D:10     | Reached XP level 11. HP: 45/97 MP: 10/10
  9460 | D:10     | Killed a green ugly thing
  9835 | D:10     | Noticed a green very ugly thing
  9837 | D:10     | Noticed a wizard
  9856 | D:10     | Killed a green very ugly thing
  9856 | D:10     | HP: 7/145 [poisoned by a green very ugly thing]
  9857 | D:10     | HP: 3/145 [poisoned by a green very ugly thing]
  9857 | D:10     | Killed from afar by a wizard

Skill      XL: |  1  2  3  4  5  6  7  8  9 10 11 |
---------------+----------------------------------+-----
Armour         | 3 4 5 6 7 8 9 |  9.2
Fighting       | 4 5 6 7 8 9 |  9.3
Polearms       | 4 5 6 8 9 11 | 11.5
Dodging        | 3 4 5 6 7 8 |  8.1
Bows           | 2 4 6 8 9 |  9.0

Action                   |  1- 3 |  4- 6 |  7- 9 | 10-12 || total
-------------------------+-------+-------+-------+-------++-------
Melee: Spear             |   114 |   124 |   218 |   144 ||   600
       Headbutt          |    11 |    17 |    51 |    44 ||   123
 Fire: Shortbow          |       |       |   215 |    66 ||   281
Invok: Berserk           |       |     1 |     2 |     3 ||     6
       Burn Spellbooks   |       |       |       |     1 ||     1
  Eat: Chunk             |     3 |     5 |    17 |     5 ||    30
       Royal jelly       |       |       |       |     1 ||     1
       Fruit             |       |       |       |     1 ||     1
Armor: Animal skin       |     7 |       |       |       ||     7
       Leather armour    |     2 |    13 |    17 |    16 ||    48
       Skin              |     1 |       |       |       ||     1
       Scale mail        |       |       |    61 |    12 ||    73
Dodge: Dodged            |    39 |    45 |   129 |    55 ||   268
